 Dungeon Crawl Stone Soup version 0.28.0 (webtiles) character file.

Game seed: 5140590753665190575

297 GrayStillPlays the Shield-Bearer (level 6, -7/53 HPs)
             Began as a Gnoll Fighter on Feb 15, 2022.
             Killed by divine providence
             ... invoked by an orc priest
              (12 damage)
             ... on level 3 of the Dungeon.
             The game lasted 00:02:43 (1940 turns).

GrayStillPlays the Shield-Bearer (Gnoll Fighter)    Turns: 1940, Time: 00:02:43

Health: -7/53      AC:  7    Str: 17    XL:     6   Next: 35%
Magic:  8/8        EV:  8    Int:  8    God:
Gold:   96         SH:  9    Dex: 11    Spells: 8/8 levels left

rFire   . . .      SeeInvis .   a - +0 war axe {axe}
rCold   . . .      Faith    .   w - +0 kite shield
rNeg    . . .      Spirit   .   b - +0 scale mail
rPois   .          Reflect  .   (no helmet)
rElec   .          Harm     .   (no cloak)
rCorr   .          Rampage  .   (no gloves)
Will    .....                   (no boots)
Stlth   ..........              (no amulet)
HPRegen 0.17/turn               (no ring)
MPRegen 0.11/turn               (no ring)

@: no status effects
A: fangs 1, strong nose, distributed training
a: no special abilities


You were on level 3 of the Dungeon.
You visited 1 branch of the dungeon, and saw 3 of its levels.

You collected 96 gold pieces.


Innate Abilities, Weirdness & Mutations

You have very sharp teeth.
Your uncanny sense of smell can sniff out nearby items.
Your experience applies equally to all skills.


   Skills:
 + Level 6.8 Fighting
 + Level 1.9 Short Blades
 + Level 1.9 Long Blades
 + Level 5.0 Axes
 + Level 1.9 Maces & Flails
 + Level 1.9 Polearms
 + Level 1.9 Staves
 + Level 1.9 Slings
 + Level 1.9 Bows
 + Level 1.9 Crossbows
 + Level 1.9 Throwing
 + Level 6.8 Armour
 + Level 1.9 Dodging
 + Level 1.9 Stealth
 + Level 6.8 Shields
 + Level 1.9 Unarmed Combat
 + Level 1.9 Spellcasting
 + Level 1.5 Conjurations
 + Level 1.5 Hexes
 + Level 1.5 Summonings
 + Level 1.5 Necromancy
 + Level 1.5 Translocations
 + Level 1.5 Transmutations
 + Level 1.5 Fire Magic
 + Level 1.5 Ice Magic
 + Level 1.5 Air Magic
 + Level 1.5 Earth Magic
 + Level 1.5 Poison Magic
 + Level 2.1 Invocations
 + Level 1.9 Evocations


You had 8 spell levels left.
You didn't know any spells.
Your spell library was empty.

Inventory:

Hand Weapons
 a - a +0 war axe (weapon) {axe}
 g - a +3 dagger {short}
   (You took it off a kobold on level 1 of the Dungeon)
 l - a +2 vorpal hunting sling {sling}
   (You found it on level 1 of the Dungeon)
Missiles
 e - 112 stones (quivered) {throwing}
 h - 38 arrows
 p - 6 poisoned darts {throwing}
 u - 15 sling bullets
 v - 29 bolts
Armour
 b - a +0 scale mail (worn)
 c - a +0 buckler
 d - a +1 robe of fire resistance
   (You took it off Sigmund on level 2 of the Dungeon)
 w - a +0 kite shield (worn)
   (You found it on level 2 of the Dungeon)
Magical Staves
 k - a staff of death {!astaff}
   (You found it on level 1 of the Dungeon)
 r - a staff of death {!astaff}
   (You found it on level 2 of the Dungeon)
Jewellery
 m - a +6 ring of strength
   (You took it off a kobold on level 1 of the Dungeon)
Wands
 n - a wand of flame (17)
   (You took it off Sigmund on level 2 of the Dungeon)
Scrolls
 i - 2 scrolls of identify {unknown}
 o - a scroll of enchant armour {unknown}
 q - 3 scrolls of teleportation {unknown}
 t - a scroll of noise {unknown}
Potions
 f - a potion of mutation {unknown}
 j - a potion of attraction {unknown}
 s - a potion of degeneration {unknown}

Dungeon Overview and Level Annotations

Branches:
Dungeon (3/15)

Altars:
# ###.# #@)o# ###o# #

You could see an orc priest and an orc.


Message History

You take 7 damage, and now have 46/53 hp.
You slash Natasha! Natasha claws you but does no damage.
You closely miss Natasha. You block Natasha's attack.
You slash Natasha!
You kill Natasha!
Natasha screams in pain as she dies! 😕 HP[+1]
You see here the felid corpse of Natasha.
You see here the felid corpse of Natasha. 😕 HP[+1] Natasha, Servant of Life and Death comes into view. 😕 HP[+1] Natasha howls an incantation.
You feel troubled.
Natasha extends her claws.
Natasha casts a spell.
You slash Natasha! Natasha claws you but does no damage.
Natasha stares at you and mumbles some strange words.
The magic dart hits you. 😕 HP[-3]
You take 3 damage, and now have 46/53 hp.
You completely miss Natasha.
Natasha stares at you and mumbles some strange words.
The magic dart hits you!
You block the crimson imp's attack. 😮 HP[-9]
You take 9 damage, and now have 37/53 hp.
You hit Natasha.
You kill Natasha!
You feel Natasha's spirit has finally been put to rest.
The crimson imp disappears in a puff of smoke!
Your Axes skill increases to level 5! 😮 HP[+1]
You see here a frilled lizard skeleton.
There is a stone staircase leading down, spattered with blood here. 😮 HP[+1]
You can't go down here!
There is a stone staircase leading down, spattered with blood here.
You climb downwards.
There is a stone staircase leading up here. 😕 HP[+1]
There is a stone staircase leading down here.
You start resting. 😎 HP[+13]
Your hp is fully restored (53).
You climb downwards.
The orc shouts!
The orc priest shouts!
You hear a shout!
There is a stone staircase leading up here.
You hit the orc priest.
An orc comes into view. It is wielding a +0 flail.
You hit the orc.
The orc priest looks satisfied for a moment.
You slash the orc!
You kill the orc!
The orc wizard mumbles some strange words.
The orc wizard flickers and vanishes!
Deactivating autopickup; reactivate with Ctrl-A.
The orc hits you with a +0 flail.
You barely miss the orc. The orc hits you but does no damage.
The orc priest mumbles some strange prayers to Beogh against you.
Beogh smites you! 😮 HP[-14]
You take 14 damage, and now have 39/53 hp.
MASSIVE DAMAGE!! (PAUSE)
You are too injured to fight recklessly!
You are too injured to fight recklessly!
You are too injured to fight recklessly!
You are too injured to fight recklessly!
You closely miss the orc. Your bite misses the orc.
The orc hits you but does no damage.
You slash something!
You hear some strange, mumbled words.
A magic dart appears from out of thin air!
The magic dart hits you. 😮 HP[-4]
You take 4 damage, and now have 35/53 hp.
You closely miss something. Something hits you but does no damage.
You closely miss something. You block something's attack.
The orc priest begins to cast a cantrip, but forgets the words!
You hear some strange, mumbled words.
A puff of flame appears from out of thin air!
The puff of flame hits you!
You miss something.
The orc priest mumbles some strange prayers to Beogh against you.
Beogh smites you!
* * * LOW HITPOINT WARNING * * *
You hear some strange, mumbled words.
A magic dart appears from out of thin air!
The magic dart hits you.
* * * LOW HITPOINT WARNING * * *
You closely miss something.
You hear some strange, mumbled words.
A magic dart appears from out of thin air!
The magic dart hits you.
* * * LOW HITPOINT WARNING * * *
You hit something.
Reactivating autopickup.
You feel a bit more experienced.
The orc priest mumbles some strange prayers to Beogh against you.
Beogh smites you!
You die...

Skill      XL: |  1  2  3  4  5  6 |
---------------+-------------------+-----
Invocations    | 1 2 |  2.1
Short Blades   | 1 |  1.9
Long Blades    | 1 |  1.9
Maces & Flails | 1 |  1.9
Polearms       | 1 |  1.9
Staves         | 1 |  1.9
Slings         | 1 |  1.9
Bows           | 1 |  1.9
Crossbows      | 1 |  1.9
Throwing       | 1 |  1.9
Dodging        | 1 |  1.9
Stealth        | 1 |  1.9
Unarmed Combat | 1 |  1.9
Spellcasting   | 1 |  1.9
Evocations     | 1 |  1.9
Conjurations   | 1 |  1.5
Hexes          | 1 |  1.5
Summonings     | 1 |  1.5
Necromancy     | 1 |  1.5
Translocations | 1 |  1.5
Transmutations | 1 |  1.5
Fire Magic     | 1 |  1.5
Ice Magic      | 1 |  1.5
Air Magic      | 1 |  1.5
Earth Magic    | 1 |  1.5
Poison Magic   | 1 |  1.5
Axes           | 5 |  5.0
Fighting       | |  6.8
Armour         | |  6.8
Shields        | |  6.8

Action                   |  1- 3 |  4- 6 || total
-------------------------+-------+-------++-------
Melee: War axe           |    67 |    59 ||   126
       Bite              |     5 |     5 ||    10
  Use: Potion            |       |     1 ||     1
Armor: Scale mail        |    43 |    23 ||    66
Dodge: Dodged            |    38 |    18 ||    56
Block: Buckler           |    25 |     9 ||    34
       Kite shield       |       |     3 ||     3

Levels and vault maps discovered:
D:1:      minmay_arrival_shattered_statue, layout_rooms,
          hellmonk_ecumenical_altar_arch_garden, minmay_box_of_dots
D:2:      layout_basic, minmay_pentomino_pile, uniq_sigmund, uniq_natasha
D:3:      layout_basic, uniq_crazy_yiuf_cottage

Notes
Turn   | Place    | Note
-------+----------+-------------------------------------------
     0 | D:1      | GrayStillPlays the Gnoll Fighter began the quest for the
                  | Orb.
     0 | D:1      | Reached XP level 1. HP: 23/23 MP: 1/1
     0 | D:1      | magus.rc [v1.9.6]
   133 | D:1      | Reached XP level 2. HP: 29/29 MP: 2/2
   202 | D:1      | Found a faded altar of an unknown god.
   284 | D:1      | Reached XP level 3. HP: 31/35 MP: 3/3
   759 | D:2      | Noticed Natasha
   771 | D:1      | Reached skill level 1 in Invocations
   771 | D:1      | Killed Natasha
   772 | D:1      | Reached skill level 1 in Short Blades
   772 | D:1      | Reached skill level 1 in Long Blades
   772 | D:1      | Reached skill level 1 in Maces & Flails
   772 | D:1      | Reached skill level 1 in Polearms
   772 | D:1      | Reached skill level 1 in Staves
   772 | D:1      | Reached skill level 1 in Slings
   772 | D:1      | Reached skill level 1 in Bows
   772 | D:1      | Reached skill level 1 in Crossbows
   772 | D:1      | Reached skill level 1 in Throwing
   772 | D:1      | Reached skill level 1 in Dodging
   772 | D:1      | Reached skill level 1 in Stealth
   772 | D:1      | Reached skill level 1 in Unarmed Combat
   772 | D:1      | Reached skill level 1 in Spellcasting
   772 | D:1      | Reached skill level 1 in Evocations
   772 | D:1      | Reached XP level 4. HP: 25/41 MP: 5/5
   924 | D:2      | Noticed Sigmund
   936 | D:2      | Killed Sigmund
   937 | D:2      | Reached skill level 1 in Conjurations
   937 | D:2      | Reached skill level 1 in Hexes
   937 | D:2      | Reached skill level 1 in Summonings
   937 | D:2      | Reached skill level 1 in Necromancy
   937 | D:2      | Reached skill level 1 in Translocations
   937 | D:2      | Reached skill level 1 in Transmutations
   937 | D:2      | Reached skill level 1 in Fire Magic
   937 | D:2      | Reached skill level 1 in Ice Magic
   937 | D:2      | Reached skill level 1 in Air Magic
   937 | D:2      | Reached skill level 1 in Earth Magic
   937 | D:2      | Reached skill level 1 in Poison Magic
   937 | D:2      | Reached skill level 2 in Invocations
   937 | D:2      | Reached XP level 5. HP: 30/47 MP: 5/7
   937 | D:2      | Reached XP level 6. HP: 34/53 MP: 5/8
  1810 | D:1      | Noticed Natasha
  1817 | D:1      | Killed Natasha
  1831 | D:1      | Noticed Natasha
  1837 | D:1      | Killed Natasha
  1838 | D:1      | Reached skill level 5 in Axes
  1938 | D:3      | HP: 10/53 [something/magic dart (6)]
  1940 | D:3      | Killed from afar by an orc priest

Vanquished Creatures
  Sigmund (D:2)
  An orc wizard (D:3)
  Natasha (thrice) (D:1)
  2 worms (D:2)
  An orc (D:3)
  6 ball pythons
  8 bats
  3 endoplasms
  A giant cockroach (D:2)
  10 goblins
  3 hobgoblins
  8 kobolds
  3 quokkas (D:1)
  3 frilled lizards (D:1)
  6 rats
59 creatures vanquished.

Table legend:
 A = Non-vault XP
 B = Vault XP
 C = Vault XP percentage of total XP
 D = Non-vault monster count
 E = Vault monster count
 F = Vault count percentage of total count
                 A         B        C        D         E       F
            +---------+---------+-------+---------+---------+-------
      Total |     185 |     276 |  59.9 |      48 |      11 |  18.6
            +---------+---------+-------+---------+---------+-------
        D:1 |     118 |      43 |  26.7 |      31 |       6 |  16.2
        D:2 |      28 |     233 |  89.3 |      15 |       5 |  25.0
        D:3 |      39 |       0 |   0.0 |       2 |       0 |   0.0
            +---------+---------+-------+---------+---------+-------

Illustrated notes

Table legend:
 A = Kills in this place as a percentage of kills in entire the game.
 B = Kills by you in this place as a percentage of kills by you in the entire game.
 C = Kills by friends in this place as a percentage of kills by friends in the entire game.
 D = Other kills in this place as a percentage of other kills in the entire game.
 E = Experience gained in this place as a percentage of experience gained in the entire game.
 F = Experience gained in this place divided by the number of levels of this place that you have seen.
                   A       B       C       D       E      F
               +-------+-------+-------+-------+-------+----------------------
         Total | 100.0 | 100.0 |   N/A |   N/A | 100.0 | 153.7
       Dungeon | 100.0 | 100.0 |   N/A |   N/A | 100.0 | 153.7
               +-------+-------+-------+-------+-------+----------------------

Table legend: (Time is in decaauts)
 A = Elapsed time spent in this place.
 B = Non-inter-level travel time spent in this place.
 C = Inter-level travel time spent in this place.
 D = Time resting spent in this place.
 E = Time spent auto-exploring this place.
 F = Levels seen in this place.
 G = Mean time per level.
                   A        B        C        D        E       F      G
               +--------+--------+--------+--------+--------+-----+--------+
         Total |   1988 |   1852 |    136 |    193 |   1289 |   3 |  662.7 |
       Dungeon |   1988 |   1852 |    136 |    193 |   1289 |   3 |  662.7 |
               +--------+--------+--------+--------+--------+-----+--------+

Top non-repeatable levels by time:
     D:2: 1010 daAuts
     D:1: 962 daAuts
     D:3: 14 daAuts
